 Dungeon Crawl Stone Soup version 0.18-a0-1788-g92de1ac (webtiles) character file.

603 Murumi the Comforter (level 7, -1/52 HPs)
             Began as a Formicid Fighter on Apr 20, 2016.
             Was a Follower of Elyvilon.
             Slain by an ogre
             ... wielding a +0 giant spiked club
              (24 damage)
             ... on level 5 of the Dungeon.
             The game lasted 00:11:46 (4058 turns).

Murumi the Comforter (Formicid Fighter)             Turns: 4058, Time: 00:11:47

Health: -1/52      AC:  9    Str: 23    XL:     7   Next: 70%
Magic:  11/11      EV:  8    Int:  7    God:    Elyvilon [*.....]
Gold:   175        SH: 10    Dex: 10    Spells: 0 memorised, 6 levels left

rFire  + . .     SeeInvis +     e - +1 long sword
rCold  . . .     Gourm    .     b - +0 scale mail
rNeg   . . .     Faith    .     c - +0 shield
rPois  .         Spirit   .     (helmet unavailable)
rElec  .         Dismiss  .     h - +1 cloak
rCorr  .         Reflect  .     (no gloves)
SustAt .         Harm     .     (no boots)
MR     +....                    (no amulet)
Stlth  ..........               s - ring of protection from fire
                                r - ring of protection from magic

@: somewhat resistant to hostile enchantments, extremely unstealthy
A: permanent stasis, dig shafts and tunnels, four strong arms, antennae 3
a: Dig, Shaft Self, Lesser Healing, Divine Protection, Renounce Religion


You were on level 5 of the Dungeon.
You worshipped Elyvilon.
Elyvilon was aware of your devotion.
You were very hungry.

You visited 1 branch of the dungeon, and saw 5 of its levels.

You collected 175 gold pieces.

Inventory:

Hand Weapons
 e - a +1 long sword (weapon)
 f - a +0 arbalest
Armour
 b - a +0 scale mail (worn)
 c - a +0 shield (worn)
 h - a +1 cloak (worn)
Jewellery
 r - a ring of protection from magic (left hand)
 s - a ring of protection from fire (right hand)
Wands
 q - a wand of lightning (15/15)
 t - a wand of iceblast (7/15)
Scrolls
 j - 2 scrolls of enchant armour
 m - 4 scrolls of remove curse
 n - a scroll of fear
 p - 2 scrolls of fog
Potions
 a - 2 potions of cure mutation
 d - 2 potions of might
 g - a potion of brilliance
 i - 2 potions of curing
 k - a potion of ambrosia
 o - a potion of lignification {unknown}
 u - 2 potions of cancellation {unknown}
 x - a potion of haste {unknown}
Comestibles
 l - a royal jelly
 v - a beef jerky
 w - 2 bread rations


   Skills:
 - Level 3.2 Fighting
 - Level 4.0 Long Blades
 + Level 3.0 Crossbows
 - Level 3.2 Armour
 - Level 5.0 Shields
 - Level 6.1 Invocations


You had 6 spell levels left.
You didn't know any spells.

Dungeon Overview and Level Annotations

Branches:
Dungeon (5/15)
 Temple: D:4-7

Altars:
Elyvilon
Nemelex Xobeh
Pakellas
Sif Muna
Yredelemnul


Innate Abilities, Weirdness & Mutations

You are under a permanent stasis effect.
You can dig through walls and to a lower floor.
Your four strong arms can wield two-handed weapons with a shield.
You have a pair of large antennae on your head (SInv).


Message History

You now have 166 gold pieces (gained 7).
You found a teleport trap!
You enter a teleport trap!
The teleport trap disappears.
You now have 175 gold pieces (gained 9).
HP restored.
You sense a monster nearby.
An ogre comes into view. It is wielding a giant spiked club.
You slash the ogre!
The ogre is moderately wounded.
You block the ogre's attack.
You hit the ogre but do no damage.
The ogre is moderately wounded.
The ogre hits you with a giant spiked club!
Your scale mail prevents you from hitting the ogre.
The ogre is moderately wounded.
The ogre hits you with a giant spiked club!
You barely miss the ogre.
The ogre is moderately wounded.
The ogre hits you with a giant spiked club!!
You die...

#.##
###.##.#..##.###.#####
...#
#...####..#..##.#.....
...# #.###
#..######.####. ...# #.#
.... ### #. ...# #.#
###### ######. ...######
#.### .##. #......
........####.#.###.######
#.###..
..............##.O.##...#
#.###..
........####...#@######.#
#.#.... ...######
#.###........# #.#.#..
...# ### ##.# ####..####
#.#.#.# ...###.## #..#
#..# #.....#
...##.#.###.## #..#
###.### .....###.##.#
#..# #.# #####.#.###.#
#..# #.# ##.## #.# #.##
######.# #.####.#######.#
#...##.#


You could see an ogre.

Vanquished Creatures
  The ghost of kaze the Insei, a novice OpTm of Okawaru (D:4)
  Blork the orc (D:5)
  A howler monkey (D:5)
  A crimson imp (D:5)
  A hound (D:4)
  2 worker ants (D:4)
  Robin (D:4)
  3 adders
  An ooze (D:3)
  A worm (D:2)
  4 dart slugs
  2 giant geckos
  3 orcs
  9 bats
  A giant cockroach (D:3)
  14 goblins
  12 hobgoblins
  9 jackals
  8 kobolds
  3 giant newts
  8 rats
86 creatures vanquished.

Notes
Turn   | Place    | Note
--------------------------------------------------------------
     0 | D:1      | Murumi the Formicid Fighter began the quest for the Orb.
     0 | D:1      | Reached XP level 1. HP: 18/18 MP: 1/1
   319 | D:1      | Reached XP level 2. HP: 22/24 MP: 2/2
   560 | D:1      | Reached XP level 3. HP: 29/29 MP: 3/3
  1014 | D:2      | Found a sparkling altar of Nemelex Xobeh.
  1100 | D:2      | Reached XP level 4. HP: 32/35 MP: 4/4
  1119 | D:2      | Reached skill level 5 in Shields
  1503 | D:2      | Found a basalt altar of Yredelemnul.
  1709 | D:3      | Found a deep blue altar of Sif Muna.
  2058 | D:3      | Reached XP level 5. HP: 25/41 MP: 5/5
  2271 | D:3      | Found a white marble altar of Elyvilon.
  2277 | D:3      | Became a worshipper of Elyvilon the Healer
  2699 | D:4      | Noticed kaze's ghost (novice OpTm)
  2722 | D:4      | Killed kaze's ghost
  2722 | D:4      | Reached skill level 5 in Invocations
  2722 | D:4      | Reached XP level 6. HP: 26/47 MP: 5/10
  2933 | D:4      | Found an oddly glowing altar of Pakellas.
  3165 | D:4      | Noticed Robin
  3178 | D:4      | Reached XP level 7. HP: 47/52 MP: 11/11
  3183 | D:4      | Killed Robin
  3522 | D:4      | Reached skill level 6 in Invocations
  3737 | D:4      | Reached skill level 1 in Crossbows
  3781 | D:5      | Entered Level 5 of the Dungeon
  3889 | D:5      | Noticed Blork the orc
  3894 | D:5      | Reached * piety under Elyvilon
  3910 | D:5      | Killed Blork the orc
  4058 | D:5      | Slain by an ogre

Vault maps used:
D:1:      eino_arrival_water_cross
D:2:      nemelex_xobeh_ov_fountains_minmay, marbit_many_paths
D:3:      forest_paths, nicolae_overflow_crystal_walls, old_standard_altar,
          first_bread
D:4:      johnstein_pakellas_death_squad, serial_bayou_lagoon_b, uniq_robin
D:5:      nicolae_overflow_hidden_temple, bh_walls_and_bars, uniq_blork_the_orc

Skill      XL: |  1  2  3  4  5  6  7 |
---------------+----------------------+-----
Shields        | 4 5 |  5.0
Long Blades    | 3 4 |  4.0
Invocations    | 5 6 |  6.1
Crossbows      | 3 |  3.0
Fighting       | |  3.2
Armour         | |  3.2

Action                   |  1- 3 |  4- 6 |  7- 9 || total
-------------------------+-------+-------+-------++-------
Melee: Long sword        |   126 |   128 |    90 ||   344
 Abil: Dig               |       |       |     1 ||     1
  Use: Scroll            |     5 |     7 |     2 ||    14
       Potion            |       |     1 |       ||     1
 Stab: Distracted        |       |     1 |       ||     1
  Eat: Chunk             |     1 |     2 |     2 ||     5
       Bread ration      |       |     1 |       ||     1
Armor: Scale mail        |    56 |    53 |    22 ||   131
Dodge: Dodged            |    42 |    41 |    17 ||   100
Block: Shield            |    77 |    59 |    39 ||   175
